AoeStats
← AiM | Facu1414

African Clearing

505790235Analyzed
4v4 RM · 21d ago on Sep 11, 2026· 54m 45s· 8 players
Game mode
Random Map
Map size
Large (8 player)
Population
200
Speed
Normal
Resources
Standard
Victory
Conquest
Starting age
Dark Age
Ending age
Imperial Age
RankedLock teamsTeams togetherTeam positionsShared explorationLock speedFull tech treeHidden civsTurbo modeCheats
Victory
Defeat
🇨🇱 Chinese · Chile
1570
+12
🇦🇷 Huns · Argentina
1560
+12
🇦🇷 Vietnamese · Argentina
1548
+13
🇨🇱 Magyars · Chile
1482
+15
🇺🇸 Spanish · United States
1540
-16
🇺🇸 Dravidians · United States
1503
-14
🇺🇸 Persians · United States
1485
-13
🇺🇸 Berbers · United States
1359
-9
Thundernips, The Ultimate Gigolo
11:48 Feudal Age
12:45 Loom
15:50 Castle Age
22:52 Padded Archer Armor
27:45 Double-Bit Axe
32:54 Wheelbarrow
35:57 Imperial Age
33:49 Horse Collar
35:25 Bow Saw
35:34 Heavy Plow
36:45 Leather Archer Armor
38:00 Ring Archer Armor
37:58 Supremacy
38:18 Husbandry
38:29 Bloodlines
39:23 Hand Cart
39:00 Town Watch
39:20 Town Watch
41:07 Guilds
41:00 Gold Mining
41:00 Stone Mining
41:37 Conscription
41:32 Fletching
42:33 Bodkin Arrow
42:16 Elite Conquistador
43:24 Bracer
43:46 Ballistics
43:31 Onager
46:48 Chemistry
52:50 Murder Holes
53:05 Masonry
55:12 Architecture
55:23 Hoardings
Pickel727
10:04 Loom
19:07 Feudal Age
21:32 Wheelbarrow
22:21 Scale Barding Armor
23:04 Fletching
26:03 Wheelbarrow
31:02 Castle Age
29:59 Double-Bit Axe
34:24 Horse Collar
46:53 Hand Cart
46:24 Town Watch
46:45 Gold Mining
52:09 Imperial Age
50:20 Gold Shaft Mining
50:19 Bloodlines
50:09 Husbandry
50:22 Forging
51:57 Chain Barding Armor
51:51 Cavalier
53:34 Plate Barding Armor
53:35 Iron Casting
shottyg
5:37 Loom
13:23 Feudal Age
15:30 Double-Bit Axe
18:31 Castle Age
17:28 Scale Barding Armor
19:42 Chain Barding Armor
24:20 Horse Collar
26:08 Bloodlines
28:02 Husbandry
34:26 Bow Saw
35:33 Fletching
39:50 Bodkin Arrow
39:55 Padded Archer Armor
41:15 Ballistics
43:50 Forging
47:36 Imperial Age
46:30 Light Cavalry
47:42 Capped Ram
48:44 Bracer
50:17 Heavy Camel Rider
50:43 Cavalier
52:29 Iron Casting
52:13 Murder Holes
54:42 Plate Barding Armor
Lord Aubergine
12:19 Feudal Age
15:54 Castle Age
14:10 Double-Bit Axe
14:33 Loom
17:10 Bow Saw
17:16 Horse Collar
18:12 Fletching
19:06 Town Watch
22:33 Bodkin Arrow
23:23 Padded Archer Armor
27:10 Gold Mining
28:04 Husbandry
28:58 Leather Archer Armor
28:55 Careening
29:08 Ballistics
31:47 Wheelbarrow
33:23 Thumb Ring
36:58 Imperial Age
35:35 Hand Cart
37:38 Bracer
38:44 Chemistry
38:50 Elite Elephant Archer
40:50 Ring Archer Armor
40:49 Conscription
40:38 Medical Corps
41:38 Scale Mail Armor
41:48 Forging
42:40 Chain Mail Armor
43:16 Conscription
42:59 Town Patrol
44:01 Two-Man Saw
42:53 Stone Mining
43:04 Heavy Plow
43:17 Masonry
47:19 Elite Skirmisher
48:54 Squires
49:42 Scale Barding Armor
50:13 Iron Casting
49:05 Pikeman
49:42 Halberdier
49:56 Onager
AiM | Facu1414
7:35 Loom
11:52 Feudal Age
13:23 Feudal Age
17:13 Castle Age
15:18 Fletching
16:26 Padded Archer Armor
16:37 Double-Bit Axe
18:37 Bodkin Arrow
24:25 Husbandry
27:33 Ballistics
27:21 Elite Skirmisher
31:42 Horse Collar
32:47 Thumb Ring
34:18 Bloodlines
34:49 Gold Mining
38:16 Leather Archer Armor
40:01 Wheelbarrow
39:11 Town Watch
40:04 Scale Barding Armor
40:09 Forging
43:20 Imperial Age
41:42 Hand Cart
42:12 Bow Saw
42:50 Chain Barding Armor
43:06 Iron Casting
44:05 Iron Casting
44:16 Imperial Skirmisher
45:03 Marauders
45:24 Conscription
46:27 Chemistry
45:27 Elite Tarkan
47:36 Plate Barding Armor
48:32 Blast Furnace
48:11 Bracer
51:57 Blast Furnace
AiM | PoRRo
9:17 Loom
13:01 Feudal Age
17:34 Fletching
20:24 Padded Archer Armor
28:08 Castle Age
28:00 Double-Bit Axe
27:59 Horse Collar
28:59 Bodkin Arrow
29:53 Crossbowman
31:58 Husbandry
33:52 Ballistics
33:48 Bow Saw
38:43 Wheelbarrow
41:02 Thumb Ring
44:24 Imperial Age
42:47 Elite Skirmisher
44:02 Town Watch
44:59 Leather Archer Armor
45:08 Bracer
46:12 Chemistry
46:38 Conscription
46:01 Imperial Skirmisher
47:47 Scale Barding Armor
47:52 Elite Magyar Huszar
49:20 Chain Barding Armor
49:11 Gold Mining
49:14 Stone Mining
49:29 Heavy Plow
50:17 Hand Cart
50:24 Light Cavalry
51:14 Bloodlines
52:02 Crop Rotation
52:34 Two-Man Saw
51:29 Hussar
52:44 Cavalier
AIM | Agua cate 98
7:32 Loom
12:22 Feudal Age
12:59 Double-Bit Axe
16:16 Forging
17:16 Scale Barding Armor
21:11 Bloodlines
22:38 Wheelbarrow
26:45 Castle Age
25:24 Gold Mining
26:23 Stone Mining
27:07 Town Watch
26:57 Light Cavalry
27:37 Husbandry
30:06 Horse Collar
34:29 Fletching
34:40 Padded Archer Armor
35:17 Heavy Plow
35:45 Bodkin Arrow
36:15 Bow Saw
37:32 Stone Shaft Mining
38:50 Hand Cart
39:17 Leather Archer Armor
43:02 Imperial Age
41:33 Town Patrol
42:49 Ballistics
43:17 Coinage
44:00 Bracer
44:31 Ring Archer Armor
44:17 Elite Rattan Archer
45:42 Murder Holes
49:36 Paper Money
50:07 Hoardings
51:30 Chemistry
53:49 Elite Battle Elephant
54:56 Chain Barding Armor
55:12 Iron Casting
54:38 Chatras
AiM | Shuffle
3:08 Loom
12:16 Feudal Age
12:56 Double-Bit Axe
16:23 Fletching
18:07 Fishing Lines
23:39 Castle Age
21:57 Gold Mining
22:35 Padded Archer Armor
23:04 Stone Mining
23:31 Horse Collar
23:47 Crossbowman
24:39 Bodkin Arrow
32:08 Ballistics
32:32 Wheelbarrow
37:20 Imperial Age
35:51 Bow Saw
36:34 Gold Shaft Mining
36:50 Masonry
36:38 Town Watch
37:24 Hand Cart
37:21 Gillnets
38:09 Bracer
40:20 Chemistry
40:29 Thumb Ring
40:58 Heavy Plow
42:16 Elite Chu Ko Nu
43:13 Heavy Rocket Cart
44:07 Elite Skirmisher
45:42 Rocketry
45:49 Squires
45:49 Scale Mail Armor
46:08 Imperial Skirmisher
47:28 Leather Archer Armor
48:54 Ring Archer Armor
48:53 Chain Mail Armor
48:49 Forging
49:38 Gold Shaft Mining
49:37 Architecture
49:11 Arson
49:35 Capped Ram
49:38 Elite Fire Lancer
49:41 Pikeman
51:25 Conscription
51:37 Plate Mail Armor
52:02 Iron Casting
50:49 Halberdier
Connection lost

Rejoining the realm…

Still unreachable

The connection could not be restored.

Session expired

The server has moved on; the page needs a fresh start.